[Event "Int SVK-ch Open 2020"]
[Site "Drienica"]
[Date "2020.08.13"]
[Round "7.3"]
[White "Ganzova, Veronika"]
[Black "Tomcik, Milan"]
[Result "0-1"]
[ECO "B00"]
[WhiteElo "1614"]
[BlackElo "1963"]
[Annotator "ChessBase"]
[PlyCount "102"]
[EventDate "2020.08.07"]
[EventType "swiss"]
[EventCountry "SVK"]
[SourceTitle "playchess.com"]
[Source "ChessBase"]
[SourceQuality "1"]
[TimeControl "40/5400+30:1800+30"]

1. e4 d6 2. d4 Nf6 3. Bd3 g6 4. Nf3 Bg7 5. O-O O-O 6. Bd2 Nbd7 7. Na3 c6 8. Qc1 e5 9. c3 Re8 10. Nc4 Qc7 11. dxe5 dxe5 12. Re1 b5 13. Na3 Nc5 14. Bc2 Ba6 15. Bh6 Rad8 16. Bxg7 Kxg7 17. Qe3 Ne6 18. h3 c5 19. Rad1 b4 20. Nb1 Nf4 21. Ba4 Rf8 22. Rxd8 Rxd8 23. Rd1 Rxd1+ 24. Bxd1 Nd7 25. Qd2 Bd3 26. Bc2 Bxc2 27. Qxc2 Qd6 28. Kf1 f6 29. Qd2 Qd3+ 30. Qxd3 Nxd3 31. cxb4 cxb4 32. Ke2 Nxb2 33. Nfd2 Nc5 34. f3 Kf7 35. Nb3 Ne6 36. N1d2 Ke7 37. Na5 Kd6 38. g3 Nd4+ 39. Ke3 Nd1+ 40. Kd3 Nb2+ 41. Ke3 Kc5 42. Nab3+ Nxb3 43. axb3 Nd1+ 44. Ke2 Nc3+ 45. Kd3 Nb5 46. f4 Nd4 47. h4 exf4 48. gxf4 a6 49. Ke3 Nc2+ 50. Kd3 Ne1+ 51. Ke2 Ng2 0-1

[Event "Int SVK-ch Open 2020"]
[Site "Drienica"]
[Date "2020.08.15"]
[Round "7.4"]
[White "Kolesar, Milan"]
[Black "Hros, Roman"]
[Result "0-1"]
[ECO "A33"]
[WhiteElo "2186"]
[BlackElo "2199"]
[Annotator "ChessBase"]
[PlyCount "92"]
[EventDate "2020.08.07"]
[EventType "swiss"]
[EventCountry "SVK"]
[TimeControl "40/5400+30:1800+30"]

1. Nf3 c5 2. c4 Nc6 3. d4 cxd4 4. Nxd4 Nf6 5. Nc3 e6 6. a3 d5 7. cxd5 exd5 8. Bf4 a6 9. e3 Bc5 10. Nxc6 bxc6 11. Be2 O-O 12. Rc1 Be7 13. O-O Qa5 14. Qa4 Qxa4 15. Nxa4 Ra7 16. Bb8 Ra8 17. Be5 Nd7 18. Bd4 Bb7 19. Nc5 Nxc5 20. Bxc5 Rfe8 21. Bxe7 Rxe7 22. Bf3 f5 23. g3 Kf7 24. Rc5 a5 25. b4 axb4 26. axb4 Ke6 27. Rfc1 Kd6 28. h4 g6 29. R5c3 Ra4 30. Rb1 Ba6 31. Bg2 Rb7 32. Rcb3 Bc4 33. R3b2 Kc7 34. Bf1 Ra2 35. Bxc4 Rxb2 36. Rxb2 dxc4 37. Kf1 Kb6 38. Ke2 Kb5 39. Kd2 Ra7 40. Kc3 Ra3+ 41. Kc2 c3 42. Rb3 Rxb3 43. Kxb3 c2 44. Kxc2 Kxb4 45. Kd3 c5 46. f3 Kb3 0-1

[Event "Int SVK-ch Open 2020"]
[Site "Drienica"]
[Date "2020.08.13"]
[Round "7.4"]
[White "Tomcikova, Zuzana"]
[Black "Dujava, Daniel"]
[Result "1/2-1/2"]
[ECO "B24"]
[WhiteElo "1776"]
[BlackElo "2111"]
[Annotator "ChessBase"]
[PlyCount "41"]
[EventDate "2020.08.07"]
[EventType "swiss"]
[EventCountry "SVK"]
[SourceTitle "playchess.com"]
[Source "ChessBase"]
[SourceQuality "1"]
[TimeControl "40/5400+30:1800+30"]

1. e4 c5 2. Nc3 Nc6 3. Bb5 Nd4 4. Bc4 g6 5. f4 e6 6. Nf3 Bg7 7. d3 Ne7 8. O-O d5 9. Bb5+ Nxb5 10. Nxb5 a6 11. Nc3 dxe4 12. Nxe4 O-O 13. Kh1 b6 14. a4 Qc7 15. Qe2 a5 16. Rb1 Nd5 17. Ne5 Nf6 18. Nxf6+ Bxf6 19. b3 Bb7 20. Bb2 Bg7 21. Ng4 1/2-1/2

[Event "Int SVK-ch Open 2020"]
[Site "Drienica"]
[Date "2020.08.15"]
[Round "7.5"]
[White "Mrvova, Alena"]
[Black "Bochnicka, Vladimir"]
[Result "0-1"]
[ECO "B88"]
[WhiteElo "2188"]
[BlackElo "2123"]
[Annotator "ChessBase"]
[PlyCount "130"]
[EventDate "2020.08.07"]
[EventType "swiss"]
[EventCountry "SVK"]
[TimeControl "40/5400+30:1800+30"]

1. e4 c5 2. Nf3 Nc6 3. Nc3 d6 4. Bc4 Nf6 5. d4 cxd4 6. Nxd4 e6 7. Bb3 a6 8. a4 Be7 9. O-O O-O 10. Nde2 b6 11. Ng3 Bb7 12. Be3 Qc7 13. Qe2 Rfd8 14. Rad1 Nb4 15. f3 d5 16. Kh1 Rac8 17. Bf2 Bd6 18. Nb1 dxe4 19. fxe4 Nc6 20. c3 Ne5 21. Bd4 Rd7 22. Nd2 Rcd8 23. Rde1 Bc5 24. Rxf6 Bxd4 25. Rxf7 Nxf7 26. cxd4 Rxd4 27. Nf3 R4d6 28. Bc4 Qc5 29. Nf5 Rc6 30. Ba2 Kh8 31. Ne3 b5 32. axb5 axb5 33. e5 Ra6 34. Bb1 Bxf3 35. Qxf3 Qe7 36. Qh5 Nh6 37. Ng4 Qb4 38. Qh4 Rf8 39. h3 Nf5 40. Qf2 Qd4 41. Qc2 Raa8 42. Ne3 Qh4 43. Qc3 Nxe3 44. Qxe3 Rf7 45. Rd1 Raf8 46. Qd3 g6 47. Ba2 Qh5 48. Re1 Rf3 49. Qe2 Rf1+ 50. Kh2 Qxe2 51. Rxe2 R8f2 52. Re3 Rxb2 53. Bxe6 Rff2 54. Bd5 Rfe2 55. Ra3 Rxe5 56. Ra8+ Kg7 57. Ra7+ Kf6 58. Bf3 Re7 59. Ra6+ Ke5 60. Kg3 b4 61. Ra5+ Kd4 62. Rb5 b3 63. Rd5+ Kc4 64. Rd1 Rc2 65. Bd5+ Kc3 0-1

[Event "Int SVK-ch Open 2020"]
[Site "Drienica"]
[Date "2020.08.13"]
[Round "7.5"]
[White "Antal, Jakub"]
[Black "Furman, Slavomir"]
[Result "1/2-1/2"]
[ECO "A01"]
[WhiteElo "1939"]
[BlackElo "1754"]
[Annotator "ChessBase"]
[PlyCount "26"]
[EventDate "2020.08.07"]
[EventType "swiss"]
[EventCountry "SVK"]
[SourceTitle "playchess.com"]
[Source "ChessBase"]
[SourceQuality "1"]
[TimeControl "40/5400+30:1800+30"]

1. b3 d5 2. Bb2 Bf5 3. Nf3 e6 4. d3 h6 5. g3 Nf6 6. Bg2 Be7 7. O-O O-O 8. c4 c6 9. Qd2 a5 10. a3 Re8 11. Nc3 Nbd7 12. Rfe1 Nc5 13. Qc2 Qb6 1/2-1/2

[Event "Int SVK-ch Open 2020"]
[Site "Drienica"]
[Date "2020.08.15"]
[Round "7.6"]
[White "Juhar, Roman"]
[Black "Macko, Michal"]
[Result "1-0"]
[ECO "A03"]
[WhiteElo "2225"]
[BlackElo "2148"]
[Annotator "ChessBase"]
[PlyCount "99"]
[EventDate "2020.08.07"]
[EventType "swiss"]
[EventCountry "SVK"]
[TimeControl "40/5400+30:1800+30"]

1. f4 g6 2. Nf3 d5 3. e3 Bg7 4. c4 c6 5. cxd5 cxd5 6. d4 Nf6 7. Bd3 O-O 8. O-O Qb6 9. Nc3 Bd7 10. Ne5 Bf5 11. g4 Bxd3 12. Qxd3 Rd8 13. Na4 Qa6 14. Qa3 Qd6 15. Bd2 Qxa3 16. bxa3 Nbd7 17. Rac1 Ne8 18. Bb4 Bf8 19. Rf2 Ndf6 20. Rfc2 Ne4 21. Nc5 Nxc5 22. Bxc5 e6 23. g5 Bd6 24. Ng4 Kg7 25. Kf2 Rd7 26. Ke2 Rc8 27. Bxa7 Rdc7 28. Rxc7 Rxc7 29. Rxc7 Bxc7 30. Bc5 f5 31. Nf2 h6 32. h4 hxg5 33. hxg5 Kf7 34. a4 Ng7 35. Nd3 Nh5 36. Bb4 Ng3+ 37. Kf3 Ne4 38. a5 Ke8 39. Bc5 Kd7 40. a4 Nc3 41. Bb4 Ne4 42. Ne1 Bd8 43. Ke2 Bc7 44. Kd3 Bd8 45. Nf3 Bc7 46. Nh4 Nf2+ 47. Ke2 Ng4 48. Nxg6 Ke8 49. Nf8 Kf7 50. Nd7 1-0

[Event "Int SVK-ch Open 2020"]
[Site "Drienica"]
[Date "2020.08.13"]
[Round "7.6"]
[White "Paluska, Karol"]
[Black "Mandak, Miroslav"]
[Result "1/2-1/2"]
[ECO "A39"]
[WhiteElo "1873"]
[BlackElo "1927"]
[Annotator "ChessBase"]
[PlyCount "103"]
[EventDate "2020.08.07"]
[EventType "swiss"]
[EventCountry "SVK"]
[SourceTitle "playchess.com"]
[Source "ChessBase"]
[SourceQuality "1"]
[TimeControl "40/5400+30:1800+30"]

1. Nf3 c5 2. c4 Nc6 3. Nc3 g6 4. g3 Bg7 5. Bg2 Nf6 6. O-O O-O 7. d4 cxd4 8. Nxd4 Nxd4 9. Qxd4 d6 10. b3 Bf5 11. Bb2 Ne4 12. Qe3 Nxc3 13. Bxc3 Bxc3 14. Qxc3 Qc7 15. Rac1 Rac8 16. Qe3 b6 17. Qh6 Qc5 18. Rfd1 Qe5 19. Bf3 Rc7 20. Kg2 Rfc8 21. h4 Be4 22. Rh1 Rc5 23. Rh2 d5 24. h5 g5 25. Bxe4 dxe4 26. Rd1 R5c6 27. Rd8+ Rxd8 28. Qxc6 f5 29. Rh1 Qd6 30. Qb7 a5 31. h6 Kf7 32. g4 Rb8 33. Qd5+ Qxd5 34. cxd5 Rc8 35. Rd1 f4 36. Rd4 Rd8 37. Rxe4 Rxd5 38. e3 fxe3 39. Rxe3 Rd6 40. Rf3+ Rf6 41. Rh3 Kg6 42. Re3 Kf7 43. Rh3 Rf4 44. Rf3 Rf6 45. Rh3 Rd6 46. Rf3+ Kg6 47. Rf5 Kxh6 48. Rb5 Kg6 49. Kg3 Rf6 50. Re5 Rd6 51. Rxe7 h6 52. Re3 1/2-1/2

[Event "Int SVK-ch Open 2020"]
[Site "Drienica"]
[Date "2020.08.13"]
[Round "7.7"]
[White "Bombek, Peter"]
[Black "Garancovsky, Pavol"]
[Result "1/2-1/2"]
[ECO "A49"]
[WhiteElo "2181"]
[BlackElo "2027"]
[Annotator "RC"]
[PlyCount "26"]
[EventDate "2020.08.07"]
[EventType "swiss"]
[EventCountry "SVK"]
[SourceTitle "playchess.com"]
[Source "ChessBase"]
[SourceQuality "1"]
[TimeControl "40/5400+30:1800+30"]

1. d4 g6 2. Nf3 Bg7 3. g3 Nf6 4. Bg2 O-O 5. O-O d6 6. a4 Bg4 7. b3 e5 8. dxe5 Nfd7 9. Bb2 dxe5 10. Na3 Nc6 11. h3 Be6 12. Qc1 e4 13. Nh2 Bxb2 1/2-1/2

[Event "Int SVK-ch Open 2020"]
[Site "Drienica"]
[Date "2020.08.13"]
[Round "7.7"]
[White "Socko, Weronika"]
[Black "Hlavac, Peter"]
[Result "1/2-1/2"]
[ECO "A56"]
[WhiteElo "1741"]
[BlackElo "1952"]
[Annotator "ChessBase"]
[PlyCount "118"]
[EventDate "2020.08.07"]
[EventType "swiss"]
[EventCountry "SVK"]
[SourceTitle "playchess.com"]
[Source "ChessBase"]
[SourceQuality "1"]
[TimeControl "40/5400+30:1800+30"]

1. d4 Nf6 2. c4 c5 3. e3 g6 4. Nf3 Bg7 5. Nc3 d5 6. dxc5 Qa5 7. Bd2 dxc4 8. Bxc4 Qxc5 9. Qb3 O-O 10. O-O Nc6 11. Qb5 Qxb5 12. Bxb5 Bd7 13. Rac1 Rfd8 14. Rfd1 a6 15. Bc4 Bg4 16. Be2 Rd7 17. h3 Bxf3 18. Bxf3 Ne5 19. Be2 Rad8 20. Be1 Nd3 21. Bxd3 Rxd3 22. Rxd3 Rxd3 23. Kf1 Ne8 24. Ke2 Rd8 25. Rc2 f5 26. e4 Kf7 27. f4 e5 28. fxe5 Bxe5 29. exf5 gxf5 30. Nd1 Nf6 31. Ne3 Ke6 32. b3 b5 33. Rc6+ Rd6 34. Rxd6+ Bxd6 35. Kf3 h5 36. Nc2 Ne4 37. Nb4 Ng5+ 38. Ke2 Bxb4 39. Bxb4 Ke5 40. Kd3 Ne4 41. Ba5 Nc5+ 42. Ke3 f4+ 43. Kf3 Nd3 44. Bd2 Kf5 45. g3 Ne5+ 46. Kf2 fxg3+ 47. Kxg3 h4+ 48. Kf2 Ke4 49. Bg5 Ng6 50. Bf6 Nf4 51. Bxh4 Nxh3+ 52. Ke1 Kd3 53. Kd1 Nf4 54. Kc1 Nd5 55. Kb2 b4 56. Bg3 Ne3 57. Bd6 Nd1+ 58. Kc1 Nc3 59. Kb2 Nd1+ 1/2-1/2

[Event "Int SVK-ch Open 2020"]
[Site "Drienica"]
[Date "2020.08.13"]
[Round "7.8"]
[White "Demeter, Peter"]
[Black "Konyves, Almos"]
[Result "1-0"]
[ECO "A07"]
[WhiteElo "2139"]
[BlackElo "2090"]
[Annotator "RC"]
[PlyCount "47"]
[EventDate "2020.08.07"]
[EventType "swiss"]
[EventCountry "SVK"]
[SourceTitle "playchess.com"]
[Source "ChessBase"]
[SourceQuality "1"]
[TimeControl "40/5400+30:1800+30"]

1. Nf3 d5 2. g3 c6 3. Bg2 Bg4 4. d3 Nd7 5. Nbd2 e5 6. h3 Be6 7. c4 f6 8. cxd5 cxd5 9. O-O Nb6 10. e4 Qd7 11. d4 exd4 12. Nxd4 Bf7 13. a4 Ne7 14. a5 Nc4 15. Nxc4 dxc4 16. a6 b6 17. e5 Rd8 18. exf6 gxf6 19. Re1 Bg7 20. Bc6 Qxc6 21. Rxe7+ Kf8 22. Rxf7+ Kg8 23. Rxg7+ Kf8 24. Rf7+ 1-0

[Event "Int SVK-ch Open 2020"]
[Site "Drienica"]
[Date "2020.08.13"]
[Round "7.8"]
[White "Steiniger, Florian"]
[Black "Malinovsky, Jozef"]
[Result "1-0"]
[ECO "B20"]
[WhiteElo "1889"]
[BlackElo "1698"]
[Annotator "NA"]
[PlyCount "116"]
[EventDate "2020.08.07"]
[EventType "swiss"]
[EventCountry "SVK"]
[SourceTitle "playchess.com"]
[Source "ChessBase"]
[SourceQuality "1"]
[TimeControl "40/5400+30:1800+30"]

1. e4 c5 2. c4 Nc6 3. Nc3 g6 4. d3 Bg7 5. g3 d6 6. Bg2 e5 7. Nge2 Rb8 {[%emt 0:00:49] A36: Symmetrical English vs ...g6: 4 Bg2 Bg7.} 8. O-O Nge7 9. Be3 O-O 10. Qd2 Nd4 11. Bh6 {[%emt 0:02:58] [#]} f5 $146 ({Predecessor:} 11... a6 12. Bxg7 Kxg7 13. f4 f5 14. Rf2 b5 15. Raf1 Qb6 16. fxe5 dxe5 17. exf5 Bxf5 {1-0 (51) Sohraby,A (1996)-Strathoff,M (1925) Ruhrgebiet 2005}) 12. Bxg7 Kxg7 13. f4 Nec6 14. Nxd4 Nxd4 15. Ne2 fxe4 16. dxe4 b5 17. Nxd4 cxd4 18. cxb5 Rxb5 19. b3 Qe7 20. Rac1 Bb7 21. Rc4 Ba6 22. Rfc1 Rc5 23. Rxc5 dxc5 24. Qa5 Be2 25. Rxc5 Rf7 26. Rxe5 Qb7 27. Re6 Qc7 {[%emt 0:00:21] [#]} 28. Qxc7 $1 Rxc7 29. Rd6 d3 30. e5 Rc2 31. Be4 Rc1+ $2 (31... Rxa2 32. Bxd3 Bxd3) 32. Kf2 Rc2 33. Ke3 Rxa2 34. Bxd3 Bxd3 35. Rxd3 Ra3 36. Ke4 Ra6 37. g4 h5 38. gxh5 gxh5 39. f5 Ra1 40. f6+ Kf7 41. Rf3 (41. Rd7+ $142 Ke8 42. e6 Rf1 43. f7+ Kf8 44. Rxa7 Rf2 45. Ra8+ Ke7 46. Re8+ Kd6 47. f8=Q+ Rxf8 48. Rxf8) 41... Re1+ 42. Kf5 a5 43. Rd3 $18 Rf1+ 44. Ke4 Re1+ 45. Kd5 Re2 46. h3 Re1 47. Kd6 Re2 48. Rd5 Ra2 49. Kd7 a4 50. e6+ Kxf6 51. e7 axb3 52. e8=Q Ra7+ 53. Kc6 Ra6+ 54. Kb5 b2 55. Qe5+ Kg6 56. Qg5+ Kf7 57. Qxh5+ Rg6 58. Rd7+ Kf6 1-0

[Event "Int SVK-ch Open 2020"]
[Site "Drienica"]
[Date "2020.08.13"]
[Round "7.9"]
[White "Panko Eduard ml."]
[Black "Kravec, Patrik"]
[Result "1/2-1/2"]
[ECO "A01"]
[WhiteElo "2007"]
[BlackElo "2119"]
[Annotator "ChessBase"]
[PlyCount "32"]
[EventDate "2020.08.07"]
[EventType "swiss"]
[EventCountry "SVK"]
[SourceTitle "playchess.com"]
[Source "ChessBase"]
[SourceQuality "1"]
[TimeControl "40/5400+30:1800+30"]

1. b3 e5 2. Bb2 d6 3. g3 g6 4. Bg2 Bg7 5. c4 Ne7 6. Nc3 O-O 7. d3 f5 8. Qd2 Nd7 9. e3 Nf6 10. Nge2 c6 11. d4 e4 12. h4 Rb8 13. Nf4 b5 14. Bf1 a6 15. Be2 Qb6 16. h5 Bh8 1/2-1/2

[Event "Int SVK-ch Open 2020"]
[Site "Drienica"]
[Date "2020.08.13"]
[Round "7.9"]
[White "Bakalar, Jan"]
[Black "Sedlak, Mikulas"]
[Result "1-0"]
[ECO "B01"]
[WhiteElo "1896"]
[BlackElo "1573"]
[Annotator "NA"]
[PlyCount "49"]
[EventDate "2020.08.07"]
[EventType "swiss"]
[EventCountry "SVK"]
[SourceTitle "playchess.com"]
[Source "ChessBase"]
[SourceQuality "1"]
[TimeControl "40/5400+30:1800+30"]

1. e4 d5 2. exd5 Nf6 3. d4 Nxd5 4. c4 Nb6 5. Nc3 c6 6. Be3 {[%emt 0:01:00] B01: Scandinavian Defence.} e6 7. Nf3 {[%emt 0:00:56] [#]} Be7 $146 ({Predecessor:} 7... Bb4 8. Rc1 O-O 9. Bd3 f5 10. Qd2 Be7 11. Ne5 N6d7 12. f4 c5 13. d5 Nf6 {½-½ (49) Yang,K-Morris,B San Diego 2014}) 8. Qc2 N8d7 9. O-O-O Nf6 10. h3 a5 11. g4 Qc7 12. Bd3 g6 13. Rhg1 Bd7 14. Ne5 Rg8 15. Bf4 Qd8 16. Be3 Bc8 17. Qe2 Nfd7 18. f4 f6 19. Nxd7 Bxd7 20. f5 Qc7 21. fxe6 Bxe6 {[%emt 0:02:06] [#]} 22. d5 $1 cxd5 23. Bxb6 Qxb6 24. cxd5 Bd7 {[%emt 0:04:39] [#]} 25. d6 $18 {[%emt 0:01:49] Pin} 1-0

[Event "Int SVK-ch Open 2020"]
[Site "Drienica"]
[Date "2020.08.15"]
[Round "7.10"]
[White "Buran, Jaroslav"]
[Black "Panko Eduard st."]
[Result "0-1"]
[ECO "A41"]
[WhiteElo "2098"]
[BlackElo "1958"]
[Annotator "ChessBase"]
[PlyCount "84"]
[EventDate "2020.08.07"]
[EventType "swiss"]
[EventCountry "SVK"]
[TimeControl "40/5400+30:1800+30"]

1. d4 d6 2. c4 e5 3. Nf3 e4 4. Ng5 f5 5. f3 Be7 6. Nh3 Nf6 7. Nc3 c6 8. Bg5 Nbd7 9. Qc2 d5 10. Nf4 Qa5 11. e3 Nb6 12. c5 Nbd7 13. a3 Kf7 14. fxe4 fxe4 15. Be2 h6 16. Bxf6 Nxf6 17. O-O g6 18. Rf2 Kg7 19. Raf1 Rf8 20. b4 Qc7 21. Qd1 Bd7 22. b5 Qc8 23. h3 Nh7 24. Nxg6 Rxf2 25. Rxf2 Kxg6 26. Bh5+ Kg7 27. Rf7+ Kh8 28. Rxe7 Qd8 29. Re5 Qh4 30. Bg4 Nf6 31. Bxd7 Nxd7 32. Rh5 Qg3 33. Rxh6+ Kg7 34. Rd6 Qxe3+ 35. Kh1 Nf6 36. bxc6 bxc6 37. Ne2 Ng4 38. Ng3 Nf2+ 39. Kh2 Qxg3+ 40. Kxg3 Nxd1 41. Rxc6 Re8 42. Rc7+ Kg8 0-1

[Event "Int SVK-ch Open 2020"]
[Site "Drienica"]
[Date "2020.08.13"]
[Round "7.10"]
[White "Stanko, Ivan"]
[Black "Ivanecka, Natalia"]
[Result "0-1"]
[ECO "C44"]
[WhiteElo "1848"]
[BlackElo "1641"]
[Annotator "NA"]
[PlyCount "36"]
[EventDate "2020.08.07"]
[EventType "swiss"]
[EventCountry "SVK"]
[SourceTitle "playchess.com"]
[Source "ChessBase"]
[SourceQuality "1"]
[TimeControl "40/5400+30:1800+30"]

1. e4 e5 2. Nf3 Nc6 3. d4 exd4 4. Nxd4 Nf6 5. Nc3 Bb4 6. Nxc6 bxc6 7. Bd3 O-O 8. O-O Re8 9. Qf3 h6 10. h3 d5 11. exd5 cxd5 12. Na4 Bb7 13. Qg3 Bd6 14. Qf3 Rb8 15. Bd2 Ne4 16. Ba5 Qg5 $19 17. Qg4 Qe5 18. f4 Qd4+ 0-1

[Event "Int SVK-ch Open 2020"]
[Site "Drienica"]
[Date "2020.08.15"]
[Round "7.11"]
[White "Hudak, Vasil"]
[Black "Frink, Ferenc"]
[Result "0-1"]
[ECO "B00"]
[WhiteElo "1997"]
[BlackElo "2075"]
[Annotator "ChessBase"]
[PlyCount "104"]
[EventDate "2020.08.07"]
[EventType "swiss"]
[EventCountry "SVK"]
[TimeControl "40/5400+30:1800+30"]

1. e4 Nc6 2. d4 e5 3. d5 Nce7 4. Nf3 Ng6 5. Bd3 Bc5 6. O-O Nf6 7. Nbd2 d6 8. c3 O-O 9. b4 Bb6 10. Nc4 h6 11. Re1 Bg4 12. h3 Bd7 13. a4 a6 14. Nxb6 cxb6 15. Be3 Nh5 16. Kh2 Nhf4 17. Bf1 Rc8 18. Ra3 b5 19. axb5 Bxb5 20. Bxb5 axb5 21. g3 Nh5 22. Nd2 Nf6 23. Qe2 Qd7 24. c4 bxc4 25. Nxc4 Qb5 26. Nxd6 Qxb4 27. Nxc8 Qxa3 28. Qc2 Nxe4 29. Bc1 Qc5 30. Qxc5 Nxc5 31. Nb6 Nd3 32. Rf1 Rd8 33. Ba3 f5 34. f3 e4 35. fxe4 fxe4 36. Rd1 Nge5 37. Be7 Re8 38. d6 Kf7 39. Nd5 Rc8 40. g4 Ke6 41. Nc7+ Kd7 42. Rb1 Kc6 43. Ne6 g5 44. Nd4+ Kd5 45. Nf5 Ra8 46. Nxh6 Ra2+ 47. Kg3 Nf4 48. Bxg5 Ra3+ 49. Kh2 Rxh3+ 50. Kg1 Nf3+ 51. Kf2 Nxg5 52. d7 e3+ 0-1

[Event "Int SVK-ch Open 2020"]
[Site "Drienica"]
[Date "2020.08.13"]
[Round "7.11"]
[White "Furman, Maximilian Jan"]
[Black "Bujna, Martin"]
[Result "0-1"]
[ECO "C01"]
[WhiteElo "1598"]
[BlackElo "1841"]
[Annotator "NA"]
[PlyCount "68"]
[EventDate "2020.08.07"]
[EventType "swiss"]
[EventCountry "SVK"]
[SourceTitle "playchess.com"]
[Source "ChessBase"]
[SourceQuality "1"]
[TimeControl "40/5400+30:1800+30"]

1. e4 e6 2. d4 d5 3. exd5 exd5 4. Nf3 Nf6 5. Bd3 Be7 6. h3 Nc6 {[%emt 0:01:05] C01: French: Exchange Variation.} 7. c3 O-O 8. O-O Ne4 9. Bf4 Bd6 10. Bxd6 Qxd6 11. Re1 f5 {[%emt 0:02:33] [#]} 12. Ne5 $146 ({Predecessor:} 12. Nbd2 Be6 13. a3 a6 14. Nb3 Bf7 15. Qc2 Bh5 16. Nfd2 Rae8 17. Be2 {½-½ (33) Cleuren,B (1671)-Dops,G (1523) Limburg 2007}) 12... Nxe5 13. dxe5 Qb6 14. Bxe4 dxe4 15. Qb3+ Be6 16. Qxb6 axb6 17. Na3 Ra5 18. Red1 Rxe5 19. Nc2 Rd5 20. Rxd5 Bxd5 21. b3 Ra8 22. Rd1 Be6 23. Nd4 Rd8 24. Re1 Kf7 25. f3 c5 26. Nxe6 Kxe6 27. fxe4 f4 28. Re2 Rd3 29. c4 Ke5 30. Kf2 (30. Kf1 {is a better defense.}) 30... h5 (30... g5 $19 31. Ke1 Re3 32. Rxe3 fxe3) 31. Kf1 $2 (31. h4 $17) 31... g5 $19 32. Kg1 g4 33. hxg4 hxg4 34. Kf2 g3+ 0-1

[Event "Int SVK-ch Open 2020"]
[Site "Drienica"]
[Date "2020.08.15"]
[Round "7.12"]
[White "Lehocz, Jozsef"]
[Black "Ihnat, Marek"]
[Result "1/2-1/2"]
[ECO "B52"]
[WhiteElo "1959"]
[BlackElo "2065"]
[Annotator "ChessBase"]
[PlyCount "149"]
[EventDate "2020.08.07"]
[EventType "swiss"]
[EventCountry "SVK"]
[TimeControl "40/5400+30:1800+30"]

1. e4 c5 2. Nf3 d6 3. Bb5+ Bd7 4. Bxd7+ Qxd7 5. d4 cxd4 6. Nxd4 Nf6 7. f3 g6 8. c4 Nc6 9. Be3 Bg7 10. Nc3 O-O 11. Qd2 Rac8 12. b3 a6 13. Rd1 Nxd4 14. Bxd4 b5 15. cxb5 axb5 16. O-O b4 17. Na4 Qb5 18. Nb6 Rc6 19. Nc4 Ra8 20. Qb2 Rca6 21. Ra1 Ne8 22. Bxg7 Nxg7 23. Rfd1 Qc5+ 24. Kh1 Ne6 25. Rd5 Qa7 26. Rd2 Nc7 27. Qc2 Nb5 28. Qd3 Qc5 29. h3 Qg5 30. Ne3 Qe5 31. Rf1 Rxa2 32. Rxa2 Rxa2 33. Nd5 Qb2 34. Rg1 Nd4 35. Nxb4 Ra3 36. Rb1 Qf2 37. Rf1 Qe2 38. Qxe2 Nxe2 39. Rf2 Nd4 40. Nd5 Kf8 41. b4 Rb3 42. Rd2 Nb5 43. Kh2 h5 44. Rc2 e6 45. Rc8+ Kg7 46. Rb8 exd5 47. Rxb5 dxe4 48. fxe4 Re3 49. Rd5 Rxe4 50. b5 Rb4 51. Rxd6 Rxb5 52. h4 Rf5 53. g3 g5 54. Kh3 g4+ 55. Kg2 Re5 56. Kf2 Ra5 57. Rd2 Ra3 58. Rb2 Ra8 59. Rb3 Kg6 60. Ke3 Ra6 61. Rc3 Rf6 62. Ke4 Rf1 63. Ra3 Re1+ 64. Kf4 Rf1+ 65. Ke4 f5+ 66. Ke5 Rf3 67. Ra6+ Kf7 68. Ra7+ Ke8 69. Ke6 Kd8 70. Rd7+ Kc8 71. Rh7 f4 72. gxf4 Rxf4 73. Rxh5 g3 74. Rg5 Rxh4 75. Rxg3 1/2-1/2

[Event "Int SVK-ch Open 2020"]
[Site "Drienica"]
[Date "2020.08.13"]
[Round "7.12"]
[White "Kapolkova, Greta"]
[Black "Sosovickova, Jana"]
[Result "0-1"]
[ECO "C49"]
[WhiteElo "1510"]
[BlackElo "1829"]
[Annotator "NA"]
[PlyCount "116"]
[EventDate "2020.08.07"]
[EventType "swiss"]
[EventCountry "SVK"]
[SourceTitle "playchess.com"]
[Source "ChessBase"]
[SourceQuality "1"]
[TimeControl "40/5400+30:1800+30"]

1. e4 e5 2. Nf3 Nc6 3. Nc3 Nf6 4. Bb5 Bb4 5. O-O O-O 6. d3 d6 7. Bg5 {[%emt 0:01:11] 7.Ne2 is more advanced technology.} Be6 8. a3 {[%emt 0:04:37] C49: Four Knights: 4 Bb5 Bb4.} (8. Nd5 $16 Bxd5 9. exd5) 8... Ba5 9. b4 Bb6 {[%emt 0:01:23] [#]} 10. Re1 $146 ({Predecessor:} 10. Bxc6 bxc6 11. d4 Ng4 12. Bxd8 Rfxd8 13. d5 Nxf2 14. Rxf2 Bxf2+ 15. Kxf2 Bg4 16. h3 {1-0 (24) Hess,M-Waldmann,S Germany 2006}) 10... Nd4 11. Rb1 Bg4 12. Bc4 Bxf3 13. gxf3 Ne6 14. Be3 Nh5 15. Ne2 Qh4 ({Don't do} 15... Bxe3 16. fxe3 Qg5+ {[%mdl 64] Double Attack} 17. Kf2 $15) 16. Bxe6 $4 (16. Kh1 $17 {was worth a try.}) 16... fxe6 17. Ng3 Nf4 18. Kh1 Rf6 19. Rg1 Rh6 20. Nf1 Bxe3 21. fxe3 Nh3 22. Qe2 Nxg1 ({But not} 22... Nf2+ 23. Kg2 $19) 23. Kxg1 Rf8 24. Ng3 Rhf6 25. Rf1 Qg5 26. Kh1 Rg6 27. Qf2 Rgf6 $2 ({Better is} 27... Qh6 $19 28. c4 Qh3) 28. Qe2 h5 29. Rf2 h4 30. Nf1 Rg6 31. Rg2 Qxg2+ 32. Qxg2 Rxg2 33. Kxg2 a5 34. b5 c6 35. bxc6 bxc6 36. Nd2 d5 37. Nb3 Rb8 38. Nxa5 Rb2 39. Kh3 Rxc2 40. Kxh4 Rxh2+ 41. Kg3 Rc2 42. exd5 exd5 43. d4 exd4 44. exd4 Kf7 45. Kf4 Kf6 46. a4 c5 47. Nc6 cxd4 (47... g5+ $142 48. Ke3 cxd4+ 49. Nxd4 Rc3+ 50. Kd2 Ra3) 48. Nb4 Rc5 49. Nd3 Rc4 50. a5 Ra4 51. a6 Rxa6 52. Nb4 Ra5 (52... g5+ $142 53. Kg3 Ra4 54. Nd3 Ra3 55. Nb4 d3 56. Kf2 Ke5 57. Nc6+ Kf4 58. Nb4 d2 59. Ke2 Rxf3 60. Nxd5+ Ke4 61. Nb4 g4 62. Na6 {[#]} d1=Q+ $1 {[%mdl 576] Promotion} 63. Kxd1 g3 64. Kc2 g2 65. Nc5+ Kd5 66. Nb3 g1=Q 67. Nd2 Qc5+ 68. Kb1 Rf2 69. Kb2 Rxd2+ 70. Kb3 Qc4+ 71. Ka3 Ra2#) 53. Kg3 Kf5 54. Kf2 Rb5 55. Nd3 Rb3 56. Ke2 Rxd3 57. Kxd3 Kf4 58. Kxd4 Kxf3 0-1

[Event "Int SVK-ch Open 2020"]
[Site "Drienica"]
[Date "2020.08.15"]
[Round "7.13"]
[White "Panko, Radoslav"]
[Black "Bednar, Jan"]
[Result "1-0"]
[ECO "B11"]
[WhiteElo "2025"]
[BlackElo "2018"]
[Annotator "ChessBase"]
[PlyCount "71"]
[EventDate "2020.08.07"]
[EventType "swiss"]
[EventCountry "SVK"]
[TimeControl "40/5400+30:1800+30"]

1. e4 c6 2. Nc3 d5 3. Nf3 Bg4 4. h3 Bxf3 5. Qxf3 e6 6. d4 Nd7 7. Bf4 dxe4 8. Nxe4 Ndf6 9. O-O-O Nxe4 10. Qxe4 Qd5 11. Qxd5 exd5 12. Bd3 g6 13. g4 Bh6 14. g5 Bg7 15. c3 Ne7 16. Rde1 Kd7 17. h4 h5 18. Re3 Rae8 19. Rhe1 Kd8 20. Bg3 Nc8 21. Bf1 Rxe3 22. Rxe3 Rf8 23. Bh3 f5 24. Re6 f4 25. Bh2 Ne7 26. Kd1 b6 27. Rd6+ Ke8 28. Bd7+ Kf7 29. Bxc6 Rc8 30. Bd7 Rc4 31. Be6+ Ke8 32. Bxd5 Ra4 33. Bb3 Ra5 34. Re6 Kd7 35. Re4 Nf5 36. Be6+ 1-0